 Dungeon Crawl Stone Soup version 0.28.0-45-g0d030f2227 (webtiles) character file.

Game seed: 764259611811741805

12201 protoss039 the Thaumaturge (level 11, 0/64 HPs)
             Began as a Gargoyle Earth Elementalist on Apr 22, 2022.
             Was a Believer of Vehumet.
             Hit by a large rock thrown by a cyclops (24 damage)
             ... on level 13 of the Dungeon.
             The game lasted 00:30:46 (17215 turns).

protoss039 the Thaumaturge (GrEE)                  Turns: 17215, Time: 00:30:47

Health: 0/64       AC: 29    Str: 11    XL:     11   Next: 89%
Magic:  33/34      EV:  3    Int: 27    God:    Vehumet [**....]
Gold:   444        SH:  0    Dex: 10    Spells: 20/30 levels left

rFire   . . .      SeeInvis .   M - +5 war axe
rCold   + . .      Faith    .   (no shield)
rNeg    + + +      Spirit   .   T - +5 plate armour of Light {rF- rN+++ Regen+ MP+9}
rPois   ∞          Reflect  .   x - +0 helmet
rElec   +          Harm     .   Q - scarf {rC+ rF+}
rCorr   .          Rampage  .   D - +0 pair of gloves
Will    .....                   r - +0 pair of boots
Stlth   ..........              K - amulet of the acrobat
HPRegen 1.00/turn               z - +6 ring of intelligence
MPRegen 0.24/turn               C - ring of wizardry

@: no status effects
A: sickness immunity, AC +8, negative energy resistance 1, electricity
resistance, torment resistance 1, petrification resistance
a: Renounce Religion


You were on level 13 of the Dungeon.
You worshipped Vehumet.
Vehumet was pleased with you.
You visited 2 branches of the dungeon, and saw 14 of its levels.
You also visited: Sewer.

You collected 626 gold pieces.
You spent 182 gold pieces at shops.

Inventory:

Hand Weapons
 w - a +2 whip of draining
 I - a +0 whip of flaming
 M - a +5 war axe (weapon)
 S - a +3 short sword of freezing
Missiles
 c - 299 stones
Armour
 r - a +0 pair of boots (worn)
 x - a +0 helmet (worn)
 D - a +0 pair of gloves (worn)
 N - a scarf of repulsion
 Q - a scarf of resistance (worn)
 T - the +5 plate armour of Light (worn) {rF- rN+++ Regen+ MP+9}
   (You found it on level 10 of the Dungeon)

   rF:        It makes you vulnerable to fire.
   rN:        It renders you almost immune to negative energy.
   MP:        It affects your magic capacity (+9).
   Regen:     It increases your rate of health regeneration.
Magical Staves
 d - a staff of death
Jewellery
 o - a ring of see invisible
 z - a +6 ring of intelligence (left hand)
 C - a ring of wizardry (right hand)
 K - an amulet of the acrobat (around neck)
Wands
 b - a wand of iceblast (5)
 s - a wand of digging (5)
 v - a wand of flame (26)
 F - a wand of charming (8)
 L - a wand of mindburst (5)
Scrolls
 a - a scroll of identify
 f - 8 scrolls of fear
 h - 3 scrolls of holy word
 l - 3 scrolls of blinking
 n - 3 scrolls of magic mapping
 p - 3 scrolls of fog
 t - 4 scrolls of teleportation
 u - 3 scrolls of amnesia
 B - 2 scrolls of immolation
 H - 2 scrolls of enchant weapon
Potions
 e - a potion of ambrosia {unknown}
 g - 11 potions of curing
 i - 2 potions of brilliance
 j - 2 potions of heal wounds
 m - a potion of cancellation {unknown}
 q - 3 potions of might
 A - a potion of resistance
 E - 2 potions of magic
 O - a potion of attraction
 P - a potion of mutation
Miscellaneous
 R - a box of beasts


   Skills:
 - Level 6.0 Fighting
 - Level 6.0 Armour
 - Level 1.5 Dodging
 - Level 2.1 Stealth
 * Level 10.2 Spellcasting
 + Level 8.2 Conjurations
 - Level 6.0 Transmutations
 + Level 10.0 Earth Magic


You had 20 spell levels left.
You knew the following spells:

 Your Spells              Type           Power      Damage    Failure   Level
a - Sandblast             Erth           100%       2d20      4%          1
b - Passwall              Tmut/Erth      45%        N/A       16%         2
c - Stone Arrow           Conj/Erth      100%       3d13      21%         3
d - Petrify               Tmut/Erth      55%        N/A       69%         4

Your spell library contained the following spells:

 Spells                   Type           Power      Damage    Failure   Level
 Foxfire                  Conj/Fire      100%       2x1d9     45%         1
 Summon Small Mammal      Summ           52%        N/A       95%         1
 Call Canine Familiar     Summ           13%        N/A       100%        3
 Summon Guardian Golem    Hex/Summ       13%        N/A       100%        3


Dungeon Overview and Level Annotations

Branches:
Dungeon (12/15)            Temple (1/1) D:7            Lair (0/6) D:9
    Orc (0/2) D:9           Sewer (visited)

Altars:
Ashenzari
Cheibriados
Dithmenos
Elyvilon
Fedhas
Gozag
Hepliaklqana
Kikubaaqudgha
Makhleb
Nemelex Xobeh
Okawaru
Qazlal
Ru
Sif Muna
Trog
Uskayaw
Vehumet
Wu Jian
Xom
Yredelemnul
Zin
The Shining One

Shops:
D:12 ?

Annotations:
D:9 1 runed translucent door, NiggerDarts's ghost, journeyman HuFi
D:11 2 transporters, doidaretoeatapeach's ghost, journeyman HOFi


Innate Abilities, Weirdness & Mutations

You are immune to sickness and miasma.
Your stone body is resilient. (AC +8)
You are immune to poison.
You resist negative energy. (rN+)
You are resistant to electric shocks. (rElec)
You are resistant to unholy torment.
You are immune to petrification.


Message History

You slash the centaur!
The centaur is severely wounded.
The centaur hits you but does no damage.
The centaur kicks you but does no damage.
The centaur hits you but does no damage.
The centaur kicks you but does no damage.
The centaur hits you but does no damage.
The centaur kicks you but does no damage.
You slash the centaur!
You kill the centaur!
Vehumet accepts your kill.
Unknown command.
Casting: Passwall (safe; 16% risk of failure)
Confirm with . or Enter, or press ? or * to list all spells.
Aiming: Sandblast (safe; 4% risk of failure)
Press: ? - help, Shift-Dir - straight line, f - cyclops
Aim: a cyclops, quivering large rocks (98% to hit)
The blast of sand hits the cyclops!
The cyclops is lightly wounded.
The cyclops hits you but does no damage.
Unknown command.
You hit the cyclops.
The cyclops is moderately wounded.
The cyclops hits you!!
You completely miss the cyclops.
You punch the cyclops, but do no damage.
The cyclops is moderately wounded.
The cyclops hits you!
You slash the cyclops!
The cyclops is moderately wounded.
The cyclops hits you!
Casting: Sandblast (safe; 4% risk of failure)
Confirm with . or Enter, or press ? or * to list all spells.
Aiming: Sandblast (safe; 4% risk of failure)
Press: ? - help, Shift-Dir - straight line, f/p - cyclops
Aim: a cyclops, quivering large rocks (moderately wounded, 98% to hit)
The blast of sand hits the cyclops!
The cyclops is severely wounded.
The cyclops throws a large rock.
The large rock hits you!!
You die...

*,,,,<,,,** *,,,,,,,,,**
*#......,,.### *********,,*
**.c......,,..# **,,
**,,#..#..#*,..# **,
**,,**#....#**..# *,
**,,**,*#.C.# *#.# ****,
*,,**,,,*#..## #.### ******,,,,
*,**,^*,,*#..###...#****,>,,,,**,
*,*,,***,,#...##@#,,,*,,,******,,
*,*,**,**,#.#.##.###...*******,,*
*,*,*,,,*,#....C........,,,,,,,**
*,*,*,*,*,#....##.....##******,,*
*,*,*∩*,*,#..#..##..#..# **,,
*,*,***,*,#.###.....#*.#*** **,
*,*,,*,,*,#.#**#.##...,,,,*** *,
*,**,,,**,#.#,,,.#*##..,,,,,** *,
*,,**,**,,#.#,,,.# *#.****,,* *,


You could see a cyclops.

Vanquished Creatures
  2 two-headed ogres
  A skeletal warrior (D:9)
  An obsidian statue (D:10)
  Pikel (D:6)
  An ugly thing (D:11)
  A cyclops (D:11)
  A troll (D:13)
  2 hornets
  Grinder (D:3)
  4 slime creatures (D:12)
  Sigmund (D:6)
  A shadow (D:13)
  2 wraiths
  7 yaks
  A vampire (D:10)
  A steam dragon (D:9)
  A wyvern (D:11)
  An acid dragon (D:11)
  5 orc warriors
  3 ice beasts
  A black bear (D:7)
  A necrophage (D:4)
  A sky beast (D:5)
  9 centaurs
  4 ogres
  A lemure (D:6)
  2 kobold brigands (Sewer)
  2 bullfrogs
  A gnoll sergeant (D:9)
  A scorpion (D:5)
  A water moccasin skeleton (D:5)
  13 wights
  4 electric eels (D:7)
  A bullfrog zombie (D:5)
  5 centaur zombies
  4 hounds
  2 jellies
  10 orc priests
  Jessica (D:2)
  Ijyb (D:3)
  4 iguanas
  Natasha (thrice) (D:2)
  10 orc wizards
  4 howler monkey zombies
  Robin (D:3)
  8 gnolls
  A howler monkey skeleton (D:7)
  13 adders
  2 river rats (D:3)
  2 white imps
  2 ufetubi
  5 worms
  4 dart slugs
  43 orcs
  6 bats
  14 endoplasms
  3 giant cockroaches
  10 hobgoblins
  2 jackals (D:3)
  8 kobolds
  5 quokkas
  12 ball pythons
  6 frilled lizards
  9 goblins
  4 rats
284 creatures vanquished.

Vanquished Creatures (collateral kills)
  An orc priest (D:7)
  An orc (D:7)
2 creatures vanquished.

Vanquished Creatures (others)
  An orc warrior (D:7)
  2 plants (D:2)
3 creatures vanquished.

Grand Total: 289 creatures vanquished

Notes
Turn   | Place    | Note
-------+----------+-------------------------------------------
     0 | D:1      | protoss039 the Gargoyle Earth Elementalist began the quest
                  | for the Orb.
     0 | D:1      | Reached XP level 1. HP: 10/10 MP: 3/3
    53 | D:1      | Reached skill level 1 in Transmutations
   218 | D:1      | Reached XP level 2. HP: 15/15 MP: 5/5
   282 | D:1      | Found a faded altar of an unknown god.
   598 | D:1      | Reached XP level 3. HP: 10/19 MP: 2/6
  1278 | D:2      | Learned a level 2 spell: Passwall
  1282 | D:2      | Learned a level 3 spell: Stone Arrow
  1570 | D:2      | Found a bloodstained altar of Trog.
  2061 | D:2      | Noticed Jessica
  2068 | D:2      | Killed Jessica
  2069 | D:2      | Reached XP level 4. HP: 15/24 MP: 6/8
  2375 | D:2      | Noticed Natasha
  2414 | D:2      | Killed Natasha
  2415 | D:2      | Reached skill level 1 in Conjurations
  2416 | D:2      | Reached XP level 5. HP: 10/28 MP: 5/9
  2666 | D:2      | Noticed Natasha
  2672 | D:2      | Killed Natasha
  2883 | D:2      | Learned a level 4 spell: Petrify
  3308 | D:3      | Noticed Grinder
  3332 | D:3      | Killed Grinder
  3333 | D:3      | Reached skill level 5 in Earth Magic
  3333 | D:3      | Reached XP level 6. HP: 14/32 MP: 3/12
  3420 | D:3      | Noticed Ijyb
  3449 | D:2      | Noticed Natasha
  3455 | D:2      | Killed Natasha
  3493 | D:3      | Killed Ijyb
  3610 | D:3      | Reached XP level 7. HP: 10/36 MP: 3/13
  3677 | D:3      | Found a glowing drain.
  3682 | Sewer    | Entered a sewer
  4987 | D:3      | Reached skill level 5 in Spellcasting
  5160 | D:3      | Reached skill level 1 in Fighting
  5160 | D:3      | Reached skill level 1 in Armour
  5369 | D:3      | Noticed Robin
  5386 | D:3      | Killed Robin
  5938 | D:4      | Reached XP level 8. HP: 36/43 MP: 0/15
  6324 | D:4      | Found a stormy altar of Qazlal.
  7046 | D:5      | Entered Level 5 of the Dungeon
  7444 | D:5      | Found a glowing silver altar of Zin.
  7444 | D:5      | Noticed an angel
  8246 | D:6      | Reached XP level 9. HP: 46/50 MP: 8/18
  8644 | D:6      | Noticed Pikel
  8649 | D:6      | Killed Pikel
  8650 | D:6      | Reached skill level 5 in Conjurations
  9197 | D:6      | Noticed Sigmund
  9198 | D:6      | Killed Sigmund
  9759 | D:7      | Found a shadowy altar of Dithmenos.
  9830 | D:7      | Found a staircase to the Ecumenical Temple.
  9849 | Temple   | Entered the Ecumenical Temple
 10073 | Temple   | Became a worshipper of Vehumet
 10262 | D:7      | Noticed a hornet
 10300 | D:7      | Killed a hornet
 10301 | D:7      | Reached XP level 10. HP: 56/56 MP: 10/21
 10443 | D:7      | Found a sacrificial altar of Ru.
 10457 | D:7      | Reached skill level 5 in Transmutations
 10722 | D:7      | Reached * piety under Vehumet
 10722 | D:7      | Offered knowledge of Freeze by Vehumet.
 11990 | D:8      | Found a broken altar of Ashenzari.
 12631 | D:8      | Found a glowing golden altar of the Shining One.
 13108 | D:9      | Found a staircase to the Orcish Mines.
 13398 | D:9      | Found a hazy altar of Hepliaklqana.
 13441 | D:9      | Noticed a death yak
 13442 | D:9      | Noticed a death yak
 13443 | D:9      | Noticed a death yak
 13695 | D:9      | Found a large runed translucent door.
 13695 | D:9      | Found a large runed translucent door.
 13711 | D:9      | Found a staircase to the Lair.
 13798 | D:9      | Found an iron altar of Okawaru.
 13914 | D:9      | Found a runed translucent door.
 13915 | D:9      | Found a shimmering altar of Xom.
 13915 | D:9      | Noticed NiggerDarts's ghost (journeyman HuFi)
 13915 | D:9      | Noticed a +2 flail of chaos
 13940 | D:9      | Noticed a skeletal warrior
 13951 | D:9      | Killed a skeletal warrior
 13952 | D:9      | Reached XP level 11. HP: 45/62 MP: 11/24
 14143 | D:9      | Noticed a death yak
 14411 | D:9      | Found a blossoming altar of Fedhas.
 14416 | D:9      | Found a sparkling altar of Nemelex Xobeh.
 14559 | D:10     | Entered Level 10 of the Dungeon
 14618 | D:10     | Noticed a two-headed ogre
 14627 | D:10     | Killed a two-headed ogre
 14748 | D:10     | Found a burning altar of Makhleb.
 14874 | D:10     | Noticed an obsidian statue
 14890 | D:10     | Reached skill level 5 in Fighting
 14890 | D:10     | Reached skill level 5 in Armour
 14920 | D:10     | Offered knowledge of Foxfire by Vehumet.
 15103 | D:10     | Reached ** piety under Vehumet
 15245 | D:10     | Found an opulent altar of Gozag.
 15866 | D:10     | Killed an obsidian statue
 15879 | D:10     | Identified the +5 plate armour of Light {rF- rN+++ Regen+
                  | MP+9}
 16472 | D:11     | Noticed doidaretoeatapeach's ghost (journeyman HOFi)
 16473 | D:11     | Found a transporter.
 16473 | D:11     | Noticed a two-headed ogre
 16473 | D:11     | Noticed a two-headed ogre
 16475 | D:11     | Noticed a two-headed ogre
 16475 | D:11     | Identified the +8 dire flail of Summertime {drain, Drain
                  | Dex+8}
 16475 | D:11     | Identified the +5 dire flail of the Puffin {chaos, Fly
                  | rC+++ Dex-5 Stlth+}
 16475 | D:11     | Noticed a two-headed ogre
 16480 | D:11     | Found a transporter.
 16586 | D:11     | Noticed a two-headed ogre
 16600 | D:11     | Killed a two-headed ogre
 16675 | D:11     | Noticed a purple ugly thing
 16703 | D:11     | Killed a purple ugly thing
 16718 | D:11     | Noticed a cyclops
 16730 | D:11     | Killed a cyclops
 16985 | D:12     | Reached skill level 10 in Spellcasting
 16994 | D:12     | Found Umaddipn's Magic Scroll Shop.
 17026 | D:12     | Bought a scroll of noise for 14 gold pieces
 17026 | D:12     | Bought a scroll of identify for 28 gold pieces
 17028 | D:12     | Bought a scroll of identify for 28 gold pieces
 17028 | D:12     | Bought a scroll of identify for 28 gold pieces
 17028 | D:12     | Bought a scroll of identify for 28 gold pieces
 17028 | D:12     | Bought 2 scrolls of identify for 56 gold pieces
 17112 | D:12     | You fall into a shaft and drop 1 floor!
 17112 | D:13     | Noticed a vault guard
 17115 | D:13     | Noticed a skeletal warrior
 17171 | D:13     | Reached skill level 10 in Earth Magic
 17195 | D:13     | Noticed a cyclops
 17215 | D:13     | Hit by a large rock thrown by a cyclops

Illustrated notes

Levels and vault maps discovered:
D:1:      matt_arrival_los_fun, layout_rooms, ebering_ecumenical_altar_rust,
          moated_statue
D:2:      layout_basic, basic_altar, serial_forest,
          infiniplex_forest_lined_corner, infiniplex_forest_end_1,
          infiniplex_forest_clump_tiny, infiniplex_forest_lined_4_way,
          infiniplex_forest_clump_curved, infiniplex_forest_clump_double,
          infiniplex_forest_end_3, infiniplex_forest_clump_small,
          minmay_door_square, minmay_quantized, uniq_jessica, uniq_natasha
D:3:      layout_rooms, lightli_sewer_entry_pipes, uniq_ijyb, uniq_robin,
          uniq_grinder
D:4:      layout_loops_ring, grunt_qazlal_sundering
D:5:      layout_loops_ring, zin_angel, amcnicky_mini_rare_corridor_liquid,
          serial_bayou_ford_a, grunt_ministairs_9
D:6:      layout_basic, kennysheep_small_square, uniq_pikel, uniq_sigmund
D:7:      layout_gridville, nicolae_ru_awakened_eye, kennysheep_mini_moat,
          temple_statues, kennysheep_boxes
D:8:      layout_loops_corners, evilmike_ruin_ashenzari,
          mainiacjoe_overflow_alcove_4, st_stairs_5
D:9:      layout_roguey, okawaru_metal_pillars_1_2,
          lemuel_coloured_pillars_altar, jmf_multi_god_temple2,
          dpeg_lair_monsters, orc_0_dummy, ebering_ghost_xom,
          small_chamber_with_monster, grunt_decor_one_mirror
D:10:     layout_roguey, overflow_temple_1_default, kennysheep_mini,
          minivault_15, minmay_strange_pillars, kennysheep_small_spiral
D:11:     layout_roguey, gammafunk_ghost_smash
D:12:     layout_basic, serial_shops, shop
D:13:     cheibrodos_frozen_isle, layout_rooms, grunt_vaults_entry_fortified,
          portal_ice_cave_entry_ice_simulacra, trove_entry_hex_spiral
Temple:   jpeg_temple_alley_garden

Skill      XL: |  1  2  3  4  5  6  7  8  9 10 11 |
---------------+----------------------------------+-----
Transmutations | 1 2 3 4 5 6 |  6.0
Earth Magic    | 4 5 6 8 9 10 | 10.0
Spellcasting   | 3 4 5 6 7 9 10 | 10.2
Conjurations   | 1 2 3 4 6 7 8 |  8.2
Fighting       | 1 3 4 6 |  6.0
Armour         | 1 3 4 6 |  6.0
Dodging        | |  1.5
Stealth        | |  2.1

Action                   |  1- 3 |  4- 6 |  7- 9 | 10-12 || total
-------------------------+-------+-------+-------+-------++-------
Melee: Staff             |    16 |    10 |       |       ||    26
       Unarmed           |     2 |       |       |       ||     2
       Dagger            |    99 |    87 |       |       ||   186
       Punch             |     1 |     6 |     6 |     5 ||    18
       Short sword       |       |    30 |       |    46 ||    76
       Club              |       |     1 |   121 |       ||   122
       Whip              |       |       |    81 |    85 ||   166
       War axe           |       |       |       |    98 ||    98
 Cast: Sandblast         |    16 |    42 |    89 |    64 ||   211
       Stone Arrow       |       |     2 |    55 |   125 ||   182
       Passwall          |       |     1 |       |     8 ||     9
       Petrify           |       |       |       |     1 ||     1
Evoke: Wand              |       |       |     8 |     2 ||    10
  Use: Scroll            |       |       |    10 |    12 ||    22
       Potion            |       |       |       |     2 ||     2
 Stab: Sleeping          |     4 |       |     2 |       ||     6
Armor: Robe              |    51 |    23 |    58 |       ||   132
       Ring mail         |       |    55 |    15 |     2 ||    72
       Leather armour    |       |       |    27 |       ||    27
       Scale mail        |       |       |       |    55 ||    55
       Plate armour      |       |       |       |   257 ||   257
Dodge: Dodged            |    89 |    97 |   161 |    88 ||   435
       Repelled          |       |       |       |     2 ||     2
